[Event "RUS-ch Girls U21 2020"]
[Site "Moscow"]
[Date "2020.12.12"]
[Round "5.1"]
[White "Obolentseva, Alexandra"]
[Black "Protopopova, Anastasiya"]
[Result "0-1"]
[ECO "A04"]
[WhiteElo "2305"]
[BlackElo "2267"]
[Annotator "ChessBase"]
[PlyCount "132"]
[EventDate "2020.12.08"]
[EventType "tourn"]
[EventCountry "RUS"]
[SourceTitle "playchess.com"]
[Source "ChessBase"]
[SourceQuality "1"]
[TimeControl "40/5400+30:1800+30"]

1. Nf3 c5 2. c4 Nc6 3. g3 g6 4. Bg2 Bg7 5. O-O e5 6. Nc3 Nge7 7. a3 a5 8. d3 O-O 9. Nd2 d6 10. Re1 f5 11. Nf1 f4 12. Bd2 Bg4 13. Nd5 g5 14. Bc3 Kh8 15. Qd2 Rb8 16. Rab1 Nxd5 17. cxd5 Nd4 18. Bxd4 exd4 19. b4 axb4 20. axb4 b6 21. Qc2 Re8 22. Be4 Qd7 23. Nd2 Bh5 24. bxc5 dxc5 25. Nc4 b5 26. Na5 Bf8 27. Nc6 Rb6 28. Ra1 Qh3 29. Bg2 Qf5 30. Qd2 Rb7 31. Be4 Qf7 32. Ra6 b4 33. Rea1 Bg6 34. Bf3 b3 35. Rb1 c4 36. Nxd4 Bg7 37. Qc3 cxd3 38. exd3 fxg3 39. Qc4 g4 40. hxg3 gxf3 41. Re6 Reb8 42. Nc6 Ra8 43. Na5 Qf5 44. Ra6 Rc8 45. g4 Qf8 46. Rc6 Rxc6 47. dxc6 Rb4 48. Qe6 Bf7 49. Qf5 Qe7 50. Qc8+ Bf8 51. Qf5 Qe6 52. Qxf3 Qxg4+ 53. Qxg4 Rxg4+ 54. Kf1 Bd6 55. Nc4 Bc7 56. Ke2 h5 57. f3 Rg2+ 58. Ke3 Bxc4 59. dxc4 b2 60. f4 h4 61. Kf3 h3 62. Rh1 Kg7 63. Re1 Kf6 64. c5 Rc2 65. Rb1 h2 66. Kg3 Rc1 0-1

[Event "RUS-ch Girls U21 2020"]
[Site "Moscow"]
[Date "2020.12.12"]
[Round "5.2"]
[White "Nazarova, Anastasia"]
[Black "Shafigullina, Zarina"]
[Result "1/2-1/2"]
[ECO "B52"]
[WhiteElo "2190"]
[BlackElo "2302"]
[Annotator "ChessBase"]
[PlyCount "152"]
[EventDate "2020.12.08"]
[EventType "tourn"]
[EventCountry "RUS"]
[SourceTitle "playchess.com"]
[Source "ChessBase"]
[SourceQuality "1"]
[TimeControl "40/5400+30:1800+30"]

1. e4 c5 2. Nf3 d6 3. Bb5+ Bd7 4. Bxd7+ Qxd7 5. O-O Nf6 6. Re1 Nc6 7. c3 e6 8. d4 d5 9. exd5 Qxd5 10. Be3 O-O-O 11. Qa4 Bd6 12. c4 Qh5 13. dxc5 Bxc5 14. Bxc5 Qxc5 15. Nc3 Kb8 16. a3 a6 17. Ne4 Nxe4 18. Rxe4 Qf5 19. Rae1 g5 20. b4 g4 21. Nh4 b5 22. Qb3 Qg5 23. Qg3+ Kb7 24. Rxg4 Qe5 25. Nf3 Qxg3 26. hxg3 Rhg8 27. Rh4 Rg7 28. cxb5 axb5 29. Rh5 Kb6 30. Rc5 Rd6 31. Ne5 Nd4 32. a4 f6 33. a5+ Ka6 34. Nf3 Nc6 35. Re4 e5 36. Nh4 Nd4 37. g4 Rg5 38. Rc8 h5 39. gxh5 Rxh5 40. g3 Nc6 41. Rf8 Rg5 42. Nf3 Rg7 43. Kg2 Rc7 44. Rg4 Ne7 45. Nh4 Kb7 46. Rf7 Rdc6 47. Rgg7 Nd5 48. Nf5 Rxf7 49. Rxf7+ Rc7 50. Nd6+ Kc6 51. Rxc7+ Nxc7 52. Ne4 Nd5 53. g4 Nxb4 54. Nxf6 Nd3 55. Kf3 b4 56. Ke3 Nc5 57. g5 b3 58. Kd2 Kb5 59. g6 Ne6 60. Ne8 Kxa5 61. g7 Nxg7 62. Nxg7 Kb4 63. Kc1 Kc3 64. Nf5 Kd3 65. Ng3 Kc3 66. Ne2+ Kd3 67. Ng1 Kc3 68. Kb1 Kd2 69. Kb2 Ke1 70. Nh3 Kf1 71. Kxb3 Kg2 72. Kc4 Kxh3 73. Kd3 Kg2 74. Ke2 e4 75. Ke3 Kg1 76. Kxe4 Kxf2 1/2-1/2

[Event "RUS-ch Girls U21 2020"]
[Site "Moscow"]
[Date "2020.12.12"]
[Round "5.3"]
[White "Korchagina, Alena"]
[Black "Dimitrova, Aleksandra"]
[Result "1/2-1/2"]
[ECO "A17"]
[WhiteElo "2161"]
[BlackElo "2193"]
[Annotator "NA"]
[PlyCount "66"]
[EventDate "2020.12.08"]
[EventType "tourn"]
[EventCountry "RUS"]
[SourceTitle "playchess.com"]
[Source "ChessBase"]
[SourceQuality "1"]
[TimeControl "40/5400+30:1800+30"]

1. Nf3 Nf6 2. c4 e6 3. Nc3 Bb4 4. Qc2 O-O 5. a3 Bxc3 6. Qxc3 a5 7. b4 d6 8. Bb2 e5 9. d3 axb4 10. axb4 Rxa1+ 11. Bxa1 b5 12. e3 Bb7 13. Be2 bxc4 14. dxc4 Nbd7 15. O-O c5 16. Rd1 Ne4 17. Qb2 Qf6 18. b5 g5 19. Bd3 g4 20. Bxe4 Bxe4 21. Nd2 Bb7 22. Qc2 Nb6 23. Bb2 Qe6 24. Ra1 f5 25. Ra7 Rf7 26. Qc3 f4 27. exf4 Nc8 28. Rxb7 Rxb7 29. fxe5 Qxe5 30. Qc1 Qf5 31. Qc3 Qe5 32. Qc1 Qf5 33. Qc3 Qe5 1/2-1/2

[Event "RUS-ch Girls U21 2020"]
[Site "Moscow"]
[Date "2020.12.12"]
[Round "5.4"]
[White "Afonasieva, Anna"]
[Black "Nosacheva, Mariya"]
[Result "1/2-1/2"]
[ECO "A45"]
[WhiteElo "2316"]
[BlackElo "2243"]
[Annotator "ChessBase"]
[PlyCount "80"]
[EventDate "2020.12.08"]
[EventType "tourn"]
[EventCountry "RUS"]
[SourceTitle "playchess.com"]
[Source "ChessBase"]
[SourceQuality "1"]
[TimeControl "40/5400+30:1800+30"]

1. d4 Nf6 2. Bf4 g6 3. e3 Bg7 4. Nf3 O-O 5. h3 d6 6. Be2 c5 7. c3 Be6 8. Nbd2 Nc6 9. O-O Qb6 10. Qb1 cxd4 11. exd4 Rac8 12. Bd3 Bd5 13. Re1 Rfe8 14. Be3 Na5 15. Bc2 Qa6 16. Qd1 Rc7 17. Nf1 Nc4 18. Bc1 b5 19. a4 bxa4 20. Bxa4 Rb8 21. Qe2 Qc8 22. b3 Nb6 23. c4 Nxa4 24. Rxa4 Rxb3 25. cxd5 Rxc1 26. Rxc1 Qxc1 27. Qxe7 Rb1 28. N3h2 Qc8 29. Qxd6 Rb7 30. Ne3 Ne4 31. Qc6 Rc7 32. Qa6 Qxa6 33. Rxa6 Bxd4 34. Nf3 Bxe3 35. fxe3 Rd7 36. Nd4 Kg7 37. Nc6 Nc3 38. Rxa7 Rxa7 39. Nxa7 Nxd5 40. Kf2 Kf6 1/2-1/2

[Event "RUS-ch Girls U21 2020"]
[Site "Moscow"]
[Date "2020.12.12"]
[Round "5.5"]
[White "Kochukova, Anna"]
[Black "Borisova, Ekaterina"]
[Result "1-0"]
[ECO "C07"]
[WhiteElo "2111"]
[BlackElo "2308"]
[Annotator "ChessBase"]
[PlyCount "119"]
[EventDate "2020.12.08"]
[EventType "tourn"]
[EventCountry "RUS"]
[SourceTitle "playchess.com"]
[Source "ChessBase"]
[SourceQuality "1"]
[TimeControl "40/5400+30:1800+30"]

1. e4 e6 2. d4 d5 3. Nd2 c5 4. Ngf3 cxd4 5. Nxd4 Nc6 6. Nxc6 bxc6 7. Bd3 Nf6 8. O-O Be7 9. Re1 O-O 10. e5 Nd7 11. c3 a5 12. Qh5 f5 13. Nf3 Nc5 14. Bc2 Ba6 15. Nd4 Qd7 16. Re3 g6 17. Rg3 Rf7 18. Bh6 Kh8 19. Qh3 Ne4 20. Bxe4 dxe4 21. Bg5 Bxg5 22. Rxg5 c5 23. Nb3 a4 24. Nxc5 Qe7 25. Qe3 Bb5 26. h4 Rg8 27. Qd4 Kg7 28. b4 Rff8 29. c4 Rd8 30. Qc3 Bc6 31. Re1 Kf7 32. Qe3 h6 33. Rg3 Rh8 34. Rh3 Qc7 35. Qf4 Rd4 36. Rc3 Rg8 37. Na6 Qc8 38. Qe3 Rgd8 39. b5 Bb7 40. Qxh6 Rh8 41. Qg5 Qd8 42. Qxd8 Rdxd8 43. Nc5 Ba8 44. Nxa4 Rxh4 45. Nb6 e3 46. Nxa8 Rxa8 47. a3 Rah8 48. fxe3 Ke7 49. c5 Kd7 50. Rd1+ Kc8 51. Kf2 Rg4 52. Rd4 Rg5 53. Rcd3 Rf8 54. a4 Rf7 55. c6 Rg4 56. Rd8+ Kc7 57. R8d7+ Rxd7 58. Rxd7+ Kb8 59. Rd4 Rg5 60. b6 1-0

[Event "RUS-ch Girls U21 2020"]
[Site "Moscow"]
[Date "2020.12.13"]
[Round "6.1"]
[White "Protopopova, Anastasiya"]
[Black "Borisova, Ekaterina"]
[Result "0-1"]
[ECO "E46"]
[WhiteElo "2267"]
[BlackElo "2308"]
[Annotator "ChessBase"]
[PlyCount "94"]
[EventDate "2020.12.08"]
[EventType "tourn"]
[EventCountry "RUS"]
[SourceTitle "playchess.com"]
[Source "ChessBase"]
[SourceQuality "1"]
[TimeControl "40/5400+30:1800+30"]

1. d4 Nf6 2. c4 e6 3. Nc3 Bb4 4. e3 O-O 5. Nge2 d5 6. cxd5 exd5 7. g3 Nbd7 8. Bg2 Nb6 9. O-O a5 10. f3 c5 11. a3 cxd4 12. exd4 Be7 13. a4 Ne8 14. g4 Nc7 15. h3 f5 16. Qb3 Ra6 17. Nf4 Kh8 18. Rd1 Bd6 19. Nce2 Ne6 20. Nd3 Qf6 21. Qc3 Bd7 22. b3 Rc8 23. Qb2 Be8 24. Bd2 Nd7 25. Rac1 Rd8 26. Rc2 Bg6 27. Be3 Raa8 28. Rcc1 fxg4 29. fxg4 Be4 30. Rf1 Qe7 31. Nef4 Nxf4 32. Nxf4 Ba3 33. Qf2 Bxc1 34. Bxc1 Bxg2 35. Qxg2 Nf6 36. Nd3 Qe4 37. Rf3 Rdc8 38. Bb2 Rc2 39. Qf1 Qe2 40. Qxe2 Rxe2 41. Ba3 h6 42. Ne5 Rc8 43. h4 Rcc2 44. g5 Re1+ 45. Rf1 Rxf1+ 46. Kxf1 Ne4 47. gxh6 gxh6 0-1

[Event "RUS-ch Girls U21 2020"]
[Site "Moscow"]
[Date "2020.12.13"]
[Round "6.2"]
[White "Nosacheva, Mariya"]
[Black "Kochukova, Anna"]
[Result "1-0"]
[ECO "B47"]
[WhiteElo "2243"]
[BlackElo "2111"]
[Annotator "ChessBase"]
[PlyCount "61"]
[EventDate "2020.12.08"]
[EventType "tourn"]
[EventCountry "RUS"]
[SourceTitle "playchess.com"]
[Source "ChessBase"]
[SourceQuality "1"]
[TimeControl "40/5400+30:1800+30"]

1. e4 c5 2. Nf3 e6 3. d4 cxd4 4. Nxd4 Nc6 5. Nc3 Qc7 6. g4 a6 7. h4 b5 8. Nxc6 dxc6 9. Qf3 Bb7 10. Bf4 Bd6 11. Bxd6 Qxd6 12. Bd3 Ne7 13. O-O-O Qc7 14. h5 b4 15. Na4 c5 16. b3 Nc6 17. Qe3 Ne5 18. Be2 Rc8 19. f4 Nd7 20. g5 Qc6 21. Rhe1 Nb6 22. Nxb6 Qxb6 23. f5 O-O 24. f6 Rfd8 25. fxg7 Rd4 26. g6 fxg6 27. hxg6 Kxg7 28. gxh7 Kh8 29. Qg5 Qc7 30. Rg1 Rxd1+ 31. Bxd1 1-0

[Event "RUS-ch Girls U21 2020"]
[Site "Moscow"]
[Date "2020.12.13"]
[Round "6.3"]
[White "Dimitrova, Aleksandra"]
[Black "Afonasieva, Anna"]
[Result "1/2-1/2"]
[ECO "B90"]
[WhiteElo "2193"]
[BlackElo "2316"]
[Annotator "ChessBase"]
[PlyCount "83"]
[EventDate "2020.12.08"]
[EventType "tourn"]
[EventCountry "RUS"]
[SourceTitle "playchess.com"]
[Source "ChessBase"]
[SourceQuality "1"]
[TimeControl "40/5400+30:1800+30"]

1. e4 c5 2. Nf3 d6 3. d4 cxd4 4. Nxd4 Nf6 5. Nc3 a6 6. Nb3 e6 7. g4 b5 8. Bg2 Bb7 9. g5 Nfd7 10. O-O b4 11. Ne2 Nc6 12. f4 Be7 13. Ng3 a5 14. Be3 Rc8 15. a3 O-O 16. axb4 axb4 17. h4 Ra8 18. Qe2 Qc7 19. h5 Rxa1 20. Rxa1 Ra8 21. Rd1 Ra2 22. g6 Rxb2 23. gxf7+ Kxf7 24. Qc4 Qc8 25. e5 dxe5 26. Bc1 Ra2 27. Nd4 Nxd4 28. Qxa2 Bxg2 29. Kxg2 Qc6+ 30. Kh3 Ne2 31. f5 Nf4+ 32. Bxf4 exf4 33. Qxe6+ Qxe6 34. fxe6+ Kxe6 35. Ne2 Ne5 36. Nxf4+ Kf5 37. Nd5 Bc5 38. Nc7 g5 39. hxg6 hxg6 40. Rd5 Bf8 41. Rb5 Ke4 42. Na6 1/2-1/2

[Event "RUS-ch Girls U21 2020"]
[Site "Moscow"]
[Date "2020.12.13"]
[Round "6.4"]
[White "Shafigullina, Zarina"]
[Black "Korchagina, Alena"]
[Result "1-0"]
[ECO "A04"]
[WhiteElo "2302"]
[BlackElo "2161"]
[Annotator "ChessBase"]
[PlyCount "79"]
[EventDate "2020.12.08"]
[EventType "tourn"]
[EventCountry "RUS"]
[SourceTitle "playchess.com"]
[Source "ChessBase"]
[SourceQuality "1"]
[TimeControl "40/5400+30:1800+30"]

1. Nf3 c5 2. c4 Nf6 3. g3 b6 4. Bg2 Bb7 5. Nc3 e6 6. d4 cxd4 7. Qxd4 d6 8. Bg5 Be7 9. Rd1 O-O 10. O-O Nbd7 11. e4 a6 12. Rfe1 Qc7 13. Rc1 h6 14. Bd2 Rac8 15. b3 Qb8 16. Qd3 Ne5 17. Qe2 Nfd7 18. Nd4 Nc5 19. Rc2 Bf6 20. Be3 Qa8 21. f3 Ned3 22. Rd1 Nb4 23. Rcc1 Rfd8 24. Bf2 Nc6 25. f4 Nxd4 26. Bxd4 Bxd4+ 27. Rxd4 e5 28. Rdd1 Ne6 29. Nd5 Bxd5 30. exd5 Nd4 31. Qh5 g6 32. Qxh6 Ne2+ 33. Kh1 Nxc1 34. f5 gxf5 35. Rf1 f4 36. Be4 Rc7 37. gxf4 Ne2 38. Bh7+ Kh8 39. Bd3+ Kg8 40. Bxe2 1-0

[Event "RUS-ch Girls U21 2020"]
[Site "Moscow"]
[Date "2020.12.13"]
[Round "6.5"]
[White "Obolentseva, Alexandra"]
[Black "Nazarova, Anastasia"]
[Result "1-0"]
[ECO "E97"]
[WhiteElo "2305"]
[BlackElo "2190"]
[Annotator "ChessBase"]
[PlyCount "129"]
[EventDate "2020.12.08"]
[EventType "tourn"]
[EventCountry "RUS"]
[SourceTitle "playchess.com"]
[Source "ChessBase"]
[SourceQuality "1"]
[TimeControl "40/5400+30:1800+30"]

1. d4 Nf6 2. c4 g6 3. Nc3 Bg7 4. e4 d6 5. Be2 O-O 6. Nf3 e5 7. O-O Nc6 8. d5 Ne7 9. b4 a5 10. bxa5 Rxa5 11. Nd2 Ne8 12. Nb3 Ra8 13. c5 f5 14. f3 f4 15. a4 g5 16. Ba3 Ng6 17. Nd2 Rf6 18. Nb5 Nh8 19. Nc4 Nf7 20. cxd6 cxd6 21. a5 Bd7 22. Rb1 h5 23. Qe1 Rg6 24. Nb6 Rb8 25. Qd2 g4 26. Nxd7 Qxd7 27. Nc3 Ra8 28. Bb5 Qe7 29. a6 bxa6 30. Bc6 Rd8 31. Qe1 Qg5 32. Rb2 Nf6 33. Kh1 h4 34. fxg4 Nxg4 35. Nd1 Qh5 36. Qe2 Ng5 37. Nf2 Nxf2+ 38. Rxf2 Qh7 39. h3 Rf6 40. Rb4 a5 41. Rc4 Rb8 42. Bd7 Bf8 43. Qg4 Qg7 44. Rb2 Rxb2 45. Bxb2 f3 46. gxf3 Nxf3 47. Bf5 Qxg4 48. hxg4 Bh6 49. Bc3 Rf8 50. Kg2 Ng5 51. Rc6 Rd8 52. Bxe5 Re8 53. Rxd6 Rxe5 54. Rxh6 Nxe4 55. d6 h3+ 56. Kxh3 Nxd6 57. Rxd6 a4 58. Ra6 Re3+ 59. Kh4 a3 60. Kg5 Kf7 61. Ra7+ Ke8 62. Kf6 Kd8 63. g5 a2 64. Rxa2 Rg3 65. g6 1-0

[Event "RUS-ch Girls U21 2020"]
[Site "Moscow"]
[Date "2020.12.15"]
[Round "8.1"]
[White "Protopopova, Anastasiya"]
[Black "Nosacheva, Mariya"]
[Result "1/2-1/2"]
[ECO "E73"]
[WhiteElo "2267"]
[BlackElo "2243"]
[Annotator "RC"]
[PlyCount "88"]
[EventDate "2020.12.08"]
[EventType "tourn"]
[EventCountry "RUS"]
[SourceTitle "playchess.com"]
[Source "ChessBase"]
[SourceQuality "1"]
[TimeControl "40/5400+30:1800+30"]

1. d4 Nf6 2. c4 g6 3. Nc3 Bg7 4. e4 d6 5. Be2 O-O 6. Bg5 Na6 7. Qd2 c6 8. f3 Nc7 9. h4 d5 10. cxd5 cxd5 11. e5 Nh5 12. Bd3 f6 13. g4 Ng3 14. Rh3 fxg5 15. Rxg3 gxh4 16. Rh3 b5 17. Qg5 Ne6 18. Qxh4 Nf4 19. O-O-O Nxh3 20. Nxh3 e6 21. Qg3 b4 22. Ne2 Qa5 23. Kb1 Ba6 24. f4 Rac8 25. Ng5 b3 26. axb3 Bxd3+ 27. Qxd3 Rc6 28. Rh1 Ra6 29. Kc2 Rc6+ 30. Kb1 Rfc8 31. Rxh7 Ra6 32. Nc3 Qa1+ 33. Kc2 Ra2 34. Rh8+ Kxh8 35. Qh3+ Kg8 36. Qh7+ Kf8 37. Nxe6+ Ke7 38. Qxg7+ Kxe6 39. Qxg6+ Ke7 40. Qd6+ Ke8 41. Qe6+ Kd8 42. Qxd5+ Ke7 43. Qd6+ Ke8 44. Qg6+ Kd8 1/2-1/2

[Event "RUS-ch Girls U21 2020"]
[Site "Moscow"]
[Date "2020.12.15"]
[Round "8.2"]
[White "Dimitrova, Aleksandra"]
[Black "Borisova, Ekaterina"]
[Result "1-0"]
[ECO "C70"]
[WhiteElo "2193"]
[BlackElo "2308"]
[Annotator "RC"]
[PlyCount "81"]
[EventDate "2020.12.08"]
[EventType "tourn"]
[EventCountry "RUS"]
[SourceTitle "playchess.com"]
[Source "ChessBase"]
[SourceQuality "1"]
[TimeControl "40/5400+30:1800+30"]

1. e4 e5 2. Nf3 Nc6 3. Bb5 a6 4. Ba4 b5 5. Bb3 Na5 6. Bxf7+ Kxf7 7. Nxe5+ Ke7 8. d4 d6 9. Nd3 Qd7 10. O-O Kd8 11. b3 Nc6 12. Bb2 Nf6 13. Nd2 d5 14. e5 Ng8 15. c4 Nb4 16. Nc5 Bxc5 17. dxc5 Ne7 18. e6 Qxe6 19. Nf3 Qf5 20. Nd4 Qd3 21. a3 Qxd1 22. Raxd1 Nbc6 23. Nxc6+ Nxc6 24. cxd5 Na5 25. Bxg7 Rg8 26. Bf6+ Ke8 27. Rd3 Kf7 28. Be5 c6 29. Bc7 Nb7 30. Rf3+ Kg6 31. dxc6 Nxc5 32. Re1 Bg4 33. Rg3 Kf7 34. h3 Ne6 35. Bb6 Bh5 36. Rge3 Rge8 37. c7 Bg6 38. f4 Rac8 39. g4 Bc2 40. Rc3 Nxc7 41. Rxe8 1-0

[Event "RUS-ch Girls U21 2020"]
[Site "Moscow"]
[Date "2020.12.15"]
[Round "8.5"]
[White "Nazarova, Anastasia"]
[Black "Korchagina, Alena"]
[Result "1-0"]
[ECO "C95"]
[WhiteElo "2190"]
[BlackElo "2161"]
[Annotator "RC"]
[PlyCount "77"]
[EventDate "2020.12.08"]
[EventType "tourn"]
[EventCountry "RUS"]
[SourceTitle "playchess.com"]
[Source "ChessBase"]
[SourceQuality "1"]
[TimeControl "40/5400+30:1800+30"]

1. e4 e5 2. Nf3 Nc6 3. Bb5 a6 4. Ba4 Nf6 5. O-O Be7 6. Re1 b5 7. Bb3 d6 8. c3 O-O 9. h3 Nb8 10. d4 Nbd7 11. c4 Bb7 12. Nc3 c6 13. c5 exd4 14. cxd6 dxc3 15. bxc3 Bxd6 16. Qxd6 c5 17. Qf4 c4 18. Bc2 Re8 19. Ba3 Nf8 20. Bxf8 Rxf8 21. Rad1 Qe7 22. Qh4 g6 23. e5 Nd5 24. Ng5 h5 25. Qg3 Nxc3 26. e6 fxe6 27. Nxe6 Rf6 28. Nd4 Qf7 29. Qxc3 Rxf2 30. Be4 Bxe4 31. Rxe4 Rf8 32. Nf3 Rxa2 33. Rd6 Qa7+ 34. Kh2 Qg7 35. Qe3 Qf7 36. Nh4 Qc7 37. Qg3 Rf7 38. Rxg6+ Kh7 39. Re5 1-0

[Event "RUS-ch Girls U21 2020"]
[Site "Moscow"]
[Date "2020.12.16"]
[Round "9.2"]
[White "Afonasieva, Anna"]
[Black "Nazarova, Anastasia"]
[Result "1-0"]
[ECO "D00"]
[WhiteElo "2316"]
[BlackElo "2190"]
[Annotator "ChessBase"]
[PlyCount "65"]
[EventDate "2020.12.08"]
[EventType "tourn"]
[EventCountry "RUS"]
[SourceTitle "playchess.com"]
[Source "ChessBase"]
[SourceQuality "1"]
[TimeControl "40/5400+30:1800+30"]

1. d4 d5 2. Bf4 c5 3. e3 Nc6 4. c3 Qb6 5. Qb3 c4 6. Qc2 e5 7. dxe5 Bf5 8. Qc1 g5 9. Bxg5 Nxe5 10. Nd2 Nf6 11. Ngf3 Nd3+ 12. Bxd3 Bxd3 13. Bf4 Rg8 14. Ne5 Ne4 15. Nxd3 cxd3 16. Qd1 O-O-O 17. O-O Qg6 18. g3 Bd6 19. Nf3 Qg4 20. Kg2 Bxf4 21. exf4 Rd6 22. Qxd3 Rh6 23. Qxd5 Qh3+ 24. Kh1 Rxg3 25. fxg3 Nxg3+ 26. Kg1 Nxf1 27. Rxf1 Rg6+ 28. Ng5 Qe3+ 29. Kh1 h6 30. Nxf7 Qe7 31. Qf5+ Qe6 32. Qxe6+ Rxe6 33. Ne5 1-0

[Event "RUS-ch Girls U21 2020"]
[Site "Moscow"]
[Date "2020.12.16"]
[Round "9.5"]
[White "Nosacheva, Mariya"]
[Black "Dimitrova, Aleksandra"]
[Result "0-1"]
[ECO "B33"]
[WhiteElo "2243"]
[BlackElo "2193"]
[Annotator "ChessBase"]
[PlyCount "104"]
[EventDate "2020.12.08"]
[EventType "tourn"]
[EventCountry "RUS"]
[SourceTitle "playchess.com"]
[Source "ChessBase"]
[SourceQuality "1"]
[TimeControl "40/5400+30:1800+30"]

1. e4 c5 2. Nf3 Nc6 3. d4 cxd4 4. Nxd4 Nf6 5. Nc3 e6 6. Ndb5 Bc5 7. Bf4 O-O 8. Bc7 Qe7 9. Bd6 Bxd6 10. Qxd6 Qd8 11. Nc7 Rb8 12. Be2 a6 13. e5 Ne8 14. Nxe8 Rxe8 15. f4 f6 16. exf6 Qxf6 17. O-O-O b5 18. Rhf1 Rb6 19. Ne4 Qd8 20. Rf3 Ne7 21. Qd3 Nd5 22. Ng5 g6 23. h4 Rc6 24. Qd2 h6 25. Ne4 Qxh4 26. g3 Qe7 27. Rh1 Qg7 28. g4 Bb7 29. f5 exf5 30. Qxd5+ Ree6 31. Nc3 fxg4 32. Rff1 Rc7 33. Qd2 Bxh1 34. Rxh1 h5 35. Bd3 Qe5 36. Kd1 Rc8 37. Qh6 Qg7 38. Qg5 Rf8 39. Qd5 Qf7 40. Rf1 Qe7 41. Rg1 Qd6 42. Qxd6 Rxd6 43. Ne4 Rc6 44. Nc3 Kg7 45. a4 bxa4 46. Nxa4 Rf4 47. Nc3 h4 48. Ne2 Ra4 49. Kd2 g3 50. b3 Rg4 51. Ke3 Rf6 52. Bc4 g2 0-1